 Dungeon Crawl Stone Soup version 0.30.1-4-g462c640d31 (webtiles) character file.

Game seed: 6397291305936029105

101 Cheops the Caller (level 4, 0/30 HPs)
             Began as a Merfolk Summoner on Sept 17, 2023.
             Shot with a sling bullet by a goblin (5 damage)
             ... led by Robin
             ... on level 2 of the Dungeon.
             The game lasted 00:04:31 (1864 turns).

Cheops the Caller (Merfolk Summoner)                Turns: 1864, Time: 00:04:31

Health: 0/30       AC:  3    Str:  8    XL:     4   Next: 75%
Magic:  7/8        EV: 17    Int: 16    God:
Gold:   119        SH:  0    Dex: 14    Spells: 3/9 levels left

rFire   . . .        a - +0 dagger
rCold   . . .        (no shield)
rNeg    . . .        g - +1 robe
rPois   .            (no helmet)
rElec   .            (no cloak)
rCorr   .            (no gloves)
SInv    .            (no boots)
Will    .....        (no amulet)
Stlth   ++           d - +5 ring of evasion
HPRegen 0.25/turn    (no ring)
MPRegen 0.11/turn

%: no passive effects
@: no status effects
A: (nimble swimmer 2), mertail
a: no special abilities


You were on level 2 of the Dungeon.
You visited 1 branch of the dungeon, and saw 2 of its levels.

You collected 119 gold pieces.

Inventory:

Hand Weapons
 a - a +0 dagger (weapon)
Armour
 f - a scarf of shadows
 g - a +1 robe (worn)
Jewellery
 d - a +5 ring of evasion (left hand)
 m - the amulet "Hitomn" {Spirit Dex+2}
   (You found it on level 2 of the Dungeon)

   [amulet of guardian spirit]

   It causes incoming damage to be divided between your reserves of health and
   magic.
   Dex:       It affects your dexterity (+2).
Scrolls
 e - a scroll of identify
 i - a scroll of vulnerability
Potions
 b - 2 potions of magic
 c - a potion of haste {unknown}
 h - a potion of heal wounds {unknown}
 j - a potion of brilliance {unknown}
 l - a potion of berserk rage {unknown}


   Skills:
 - Level 2.6 Dodging
 - Level 2.1 Stealth
 - Level 3.0 Spellcasting
 + Level 5.4 Summonings


You had 3 spell levels left.
You knew the following spells:

 Your Spells              Type           Power      Damage    Failure   Level
c - Call Canine Familiar  Summ           19%        N/A       6%          3
i - Call Imp              Summ           38%        N/A       3%          2
m - Summon Small Mammal   Summ           76%        N/A       1%          1

Your spell library contained the following spells:

 Spells                   Type           Power      Damage    Failure   Level
 Kiss of Death            Conj/Necr      8%         2d6       19%         1
 Summon Guardian Golem    Hex/Summ       11%        N/A       19%         3
 Confusing Touch          Hex            2%         N/A       50%         3
 Dazzling Flash           Conj/Hex       4%         N/A       50%         3
 Volatile Blastmotes      Fire/Tloc      4%         2d10      50%         3
 Summon Lightning Spire   Summ/Air       11%        N/A       52%         4
 Dispel Undead            Necr           2%         3d7       88%         4
 Iskenderun's Mystic Bla  Conj/Tloc      2%         2d3       88%         4
 Starburst                Conj/Fire      1%         6d3       100%        6


Dungeon Overview and Level Annotations

Branches:
Dungeon (2/15)

Altars:
Ru

Annotations:
D:2 Robin


Innate Abilities, Weirdness & Mutations

((You are very nimble when in or above water. (Stealth+, EV+, Speed+++)))
Your lower body shifts to a powerful aquatic tail in water.


Message History

Robin throws the goblin at you!
* * * LOW HITPOINT WARNING * * *
The goblin misses you. The goblin hits you with a +0 dagger.
* * * LOW HITPOINT WARNING * * *
Your cerulean imp hits Robin with a -3 spear.
Robin points. "Kill!"
Robin throws the goblin at you!
* * * LOW HITPOINT WARNING * * *
The goblin completely misses you. The goblin closely misses you.
The goblin misses you.
Your cerulean imp barely misses Robin.
Robin hits your cerulean imp with a +0 club.
The goblin closely misses you. The goblin hits you but does no damage.
The goblin hits you with a +0 dagger.
* * * LOW HITPOINT WARNING * * *
Your cerulean imp closely misses Robin.
As you read the scroll labelled GYID IHIODOY, it crumbles to dust.
It is a scroll of identify.
i - a scroll of vulnerability The goblin no longer looks unusually strong.
Robin closely misses your cerulean imp. The goblin completely misses you.
The goblin misses you. The goblin hits you but does no damage.
Your cerulean imp hits Robin with a -3 spear.
As you read the scroll labelled CAFEITETOHA, it crumbles to dust.
It is a scroll of enchant armour.
Your +0 robe glows green for a moment.
Robin hits your cerulean imp with a +0 club.
The goblin barely misses you. x2; The goblin closely misses you.
Your cerulean imp barely misses Robin.
Your cerulean imp disappears in a puff of smoke!
The goblin unwields a +0 dagger.
The goblin wields a +0 sling.
The goblin shoots a sling bullet.
The sling bullet hits you.
* * * LOW HITPOINT WARNING * * *
The goblin hits you with a +0 dagger.
* * * LOW HITPOINT WARNING * * *
The goblin attacks as you move away! The goblin barely misses you.
The goblin unwields a +0 club.
The goblin wields a +0 sling.
The goblin shoots a sling bullet.
The sling bullet closely misses you.
The goblin shoots a sling bullet.
The sling bullet barely misses you.
The goblin no longer looks unusually strong.
The goblin shoots a sling bullet.
The sling bullet hits you.
You die...

##.## #.########...†..... ...#
#.# #.##.##### #..#####.# #.##.#
# g.......# #.##.# # #. #.#
#..########.##.# # #g #)#
#...........##.# # #g
#)#####.###########.# # #.
#.......### #<# # #g
#..g....@.### #.# # #.
#..._...g[..# #.# #
#.######..).†..#.#.# #.# #
#.........)gg..#.#.# ##.#####
########..##.#.#.#.######.......
##...##...#...........#####
##.....###.###.........# #
#.......##.# ###############
#..........##########......†


You could see Robin and 3 goblins.

Vanquished Creatures
  An adder (D:2)
  A dart slug (D:1)
  A ball python (D:1)
  2 giant cockroaches
  5 goblins
  3 hobgoblins
  3 kobolds
  A quokka (D:1)
  A frilled lizard (D:2)
  A rat (D:2)
19 creatures vanquished.

Vanquished Creatures (collateral kills)
  Jessica (D:2)
  An adder (D:2)
  2 worms (D:2)
  A ball python (D:1)
  6 endoplasms
  A giant cockroach (D:1)
  4 goblins
  A hobgoblin (D:1)
  A quokka (D:2)
  4 bats
  A frilled lizard (D:1)
  2 rats
25 creatures vanquished.

Grand Total: 44 creatures vanquished

Notes
Turn   | Place    | Note
-------+----------+-------------------------------------------
     0 | D:1      | Cheops the Merfolk Summoner began the quest for the Orb.
     0 | D:1      | Reached XP level 1. HP: 13/13 MP: 3/3
   173 | D:1      | Found a faded altar of an unknown god.
   181 | D:1      | Reached XP level 2. HP: 16/19 MP: 1/5
   257 | D:1      | Learned a level 2 spell: Call Imp
   660 | D:1      | Reached XP level 3. HP: 24/24 MP: 2/7
   664 | D:1      | Learned a level 3 spell: Call Canine Familiar
  1554 | D:2      | Noticed Jessica
  1565 | D:2      | Killed Jessica
  1566 | D:2      | Reached skill level 5 in Summonings
  1566 | D:2      | Reached XP level 4. HP: 28/30 MP: 8/8
  1622 | D:2      | Found a sacrificial altar of Ru.
  1751 | D:2      | Identified the amulet "Hitomn" {Spirit Dex+2}
  1846 | D:2      | Noticed Robin
  1864 | D:2      | Shot with a sling bullet by a goblin

Illustrated notes

Levels and vault maps discovered:
D:1:      zaba_arrival_water, layout_loops_ring,
          hellmonk_ecumenical_altar_arch_garden
D:2:      layout_loops_ring, basic_altar, uniq_robin, uniq_jessica

Skill      XL: |  1  2  3 |
---------------+----------+-----
Spellcasting   | 3 |  3.0
Summonings     | 5 |  5.4
Dodging        | |  2.6
Stealth        | |  2.1

Action                     |  1- 3 |  4- 6 || total
---------------------------+-------+-------++-------
  Melee: Unarmed           |    13 |       ||    13
         Dagger            |    66 |    25 ||    91
         Punch             |     3 |       ||     3
   Cast: Summon Small Mamm |    17 |     1 ||    18
         Call Imp          |    10 |     1 ||    11
         Call Canine Famil |     5 |     3 ||     8
    Use: Scroll            |       |     2 ||     2
   Stab: Sleeping          |     1 |     1 ||     2
 Armour: Robe              |    15 |     4 ||    19
  Dodge: Dodged            |    79 |    32 ||   111
